 Dungeon Crawl Stone Soup version 0.19.3 (webtiles) character file.

6225 TuxedoFelix the Carver (level 10, -16/93 HPs)
             Began as a Minotaur Fighter on Jan 21, 2017.
             Was a Priest of the Shining One.
             Killed from afar by a raiju (27 damage)
             ... with a living lightning
             ... on level 2 of the Abyss on Jan 22, 2017.
             The game lasted 01:04:36 (10333 turns).

TuxedoFelix the Carver (Minotaur Fighter)          Turns: 10333, Time: 01:04:37

Health: -16/93     AC: 15    Str: 29    XL:     10   Next: 61%
Magic:  12/12      EV:  6    Int:  5    God:    the Shining One [***...]
Gold:   120        SH:  0    Dex: 10    Spells: 0 memorised, 9 levels left

rFire  + . .     SeeInvis .     g - +0 long sword
rCold  . . .     Gourm    .     j - +0 plate armour {rF+}
rNeg   + . .     Faith    .     c - +0 shield
rPois  +         Spirit   .     (helmet restricted)
rElec  .         Reflect  .     (no cloak)
rCorr  .         Harm     .     (no gloves)
MR     .....                    u - +0 pair of boots
Stlth  ..........               r - amulet of regeneration
                                D - ring of poison resistance
                                k - +5 ring of strength

@: confused, divine shield, glowing
A: retaliatory headbutt, horns 2
a: Divine Shield, Renounce Religion


You were on level 2 of the Abyss.
You worshipped the Shining One.
The Shining One was most pleased with you.
You were not hungry.

You visited 2 branches of the dungeon, and saw 13 of its levels.
You visited the Abyss 1 time.

You collected 465 gold pieces.
You spent 345 gold pieces at shops.

Inventory:

Hand Weapons
 g - a +0 long sword (weapon)
Missiles
 v - 5 tomahawks (quivered)
Armour
 c - a +0 shield (worn)
 j - a +0 plate armour of fire resistance (worn)
 u - a +0 pair of boots (worn)
 B - a +3 plate armour
Rods
 K - a +1 rod of ignition (12/12)
   (You found it on level 6 of the Dungeon)
Jewellery
 k - a +5 ring of strength (left hand)
 r - an amulet of regeneration (around neck)
 s - an uncursed ring of fire
 w - a +2 ring of dexterity
 D - a ring of poison resistance (right hand)
 H - a +1 ring of evasion
Wands
 f - a wand of flame (23/48)
 I - a wand of flame (48/48)
Scrolls
 d - 2 scrolls of vulnerability
 q - a scroll of recharging
 t - 6 scrolls of remove curse
 x - a scroll of fog {unknown}
 G - a scroll of immolation {unknown}
 J - 2 scrolls of teleportation
Potions
 b - a potion of berserk rage {unknown}
 e - a potion of brilliance
 i - a potion of degeneration {unknown}
 l - a potion of agility {unknown}
 o - a potion of mutation
 p - a potion of cancellation
 z - a potion of heal wounds
 C - a potion of flight {unknown}
 F - a potion of magic
Books
 m - a book of Power

   Spells                             Type                      Level
   a - Fulminant Prism                Conjuration/Hexes            4
   b - Iskenderun's Mystic Blast      Conjuration                  4
   c - Venom Bolt                     Conjuration/Poison           5
   d - Bolt of Magma                  Conjuration/Fire/Earth       5
   e - Iron Shot                      Conjuration/Earth            6
   f - Orb of Destruction             Conjuration                  7
   g - Spellforged Servitor           Conjuration/Summoning        7
Comestibles
 n - 5 meat rations


   Skills:
 * Level 10.1 Fighting
 + Level 11.7 Long Blades
 + Level 0.6 Throwing
 + Level 9.3 Armour
 - Level 1.5 Dodging
 - Level 0.6 Stealth
 - Level 6.2 Shields
 * Level 5.1 Invocations


You had 9 spell levels left.
You didn't know any spells.

Dungeon Overview and Level Annotations

Branches:
Dungeon (15/15)            Temple (1/1) D:5            Lair (0/6) D:8
    Orc: D:9-12      Vaults: D:13-14     Depths: D:15

Altars:
Ashenzari
Cheibriados
Dithmenos
Elyvilon
Fedhas
Hepliaklqana
Makhleb
Okawaru
Sif Muna
Trog
Uskayaw
Xom
Yredelemnul
Zin
The Shining One

Shops:
D:8 [


Innate Abilities, Weirdness & Mutations

You reflexively headbutt those who attack you in melee.
You have a pair of horns on your head.


Message History

The living lightning hits the raiju.
The raiju completely resists.
The raiju's attack snaps the raiju out of its fear.
The raiju blinks!
You are confused.
You feel invigorated.
You bump into the stone wall.
The raiju bursts into living lightning!
The living lightning hits you!
* * * LOW HITPOINT WARNING * * *
The living lightning hits you!
* * * LOW HITPOINT WARNING * * *
The living lightning hits the raiju.
The raiju completely resists.
The raiju blinks! x3
You're too confused!
You bump into the stone wall.
The raiju bites you but does no damage.
The raiju bursts into living lightning!
The living lightning hits you!
* * * LOW HITPOINT WARNING * * *
The living lightning hits you!
You die...

#h #. . .#
#.# ####..# .
#.@h# ##.
##..#..
#h.##.# #
##.#.#..
##..#.# ###
......# # #
###.h## ###..
#
#...#.#..#...
. # ###
.....#.# .


You could see 3 raiju.

Vanquished Creatures
  The ghost of markt42 the Cleaver, a novice HOFi (D:7)
  A komodo dragon (D:12)
  A two-headed ogre (D:8)
  4 yaks
  2 basilisks (D:8)
  A steam dragon (D:8)
  A hungry ghost (D:8)
  6 porcupines (D:8)
  Duvessa (D:6)
  2 orc warriors
  A black bear (D:7)
  A phantom (D:3)
  3 ogres
  A centaur (D:6)
  5 crocodiles (D:8)
  Blork the orc (D:6)
  7 bullfrogs
  A water moccasin zombie (D:7)
  A wyvern skeleton (D:7)
  Dowan (D:6)
  A scorpion (D:8)
  5 killer bees (D:8)
  3 wights (D:8)
  3 crimson imps
  3 howler monkeys
  A quasit (D:7)
  A centaur skeleton (D:5)
  3 hounds
  2 jellies (D:5)
  A bullfrog skeleton (D:5)
  4 orc priests
  Crazy Yiuf (D:7)
  10 orc wizards
  An iguana (D:5)
  3 worker ants
  A small abomination (Abyss:2)
  2 hound zombies
  2 hound skeletons
  A worker ant zombie (D:5)
  12 adders
  10 gnolls
  A howler monkey skeleton (D:5)
  A shadow imp (D:6)
  An ufetubus (Abyss:2)
  3 adder skeletons
  2 worms
  2 dart slugs (D:1)
  3 leopard geckos
  25 orcs
  3 ball pythons
  8 giant cockroaches
  5 hobgoblins
  5 jackals
  5 kobolds
  3 quokkas
  4 bats
  7 frilled lizards
  5 goblins
  A leopard gecko skeleton (D:4)
  A quokka skeleton (D:6)
  A quokka zombie (D:5)
  9 rats
207 creatures vanquished.

Vanquished Creatures (others)
  A plant (D:8)
1 creature vanquished.

Grand Total: 208 creatures vanquished

Notes
Turn   | Place    | Note
-------+----------+-------------------------------------------
     0 | D:1      | TuxedoFelix the Minotaur Fighter began the quest for the Orb.
     0 | D:1      | Reached XP level 1. HP: 19/19 MP: 0/0
   147 | D:1      | Reached XP level 2. HP: 27/27 MP: 1/1
   544 | D:1      | Reached XP level 3. HP: 31/33 MP: 2/2
   561 | D:1      | Reached skill level 3 in Long Blades
  1885 | D:3      | Found an iron altar of Okawaru.
  1960 | D:3      | Reached XP level 4. HP: 11/40 MP: 3/3
  2255 | D:3      | Reached skill level 4 in Long Blades
  2609 | D:3      | Noticed a bullfrog
  2618 | D:3      | Killed a bullfrog
  2618 | D:3      | Reached XP level 5. HP: 39/47 MP: 4/4
  2888 | D:3      | Reached skill level 5 in Shields
  3048 | D:3      | Reached skill level 5 in Long Blades
  3048 | D:3      | Reached XP level 6. HP: 53/53 MP: 5/5
  3102 | D:3      | Found a deep blue altar of Sif Muna.
  3398 | D:3      | Reached skill level 5 in Armour
  3728 | D:4      | Reached skill level 1 in Dodging
  3913 | D:4      | Reached XP level 7. HP: 36/60 MP: 6/6
  4186 | D:4      | Got a steaming leather armour
  4186 | D:4      | Reached skill level 6 in Long Blades
  4192 | D:4      | Reached skill level 5 in Fighting
  4206 | D:4      | Upgraded the game from 0.19.1-28-ge1247f7 to 0.19.3
  4326 | D:4      | Found a glowing silver altar of Zin.
  4326 | D:4      | Found a shadowy altar of Dithmenos.
  4696 | D:4      | Found a shattered altar of Ashenzari.
  5271 | D:5      | Entered Level 5 of the Dungeon
  5477 | D:5      | Found a basalt altar of Yredelemnul.
  5489 | D:5      | Found a staircase to the Ecumenical Temple.
  5521 | Temple   | Entered the Ecumenical Temple
  5545 | Temple   | Became a worshipper of the Shining One
  5816 | D:5      | Reached XP level 8. HP: 68/68 MP: 7/7
  5954 | D:5      | Reached skill level 7 in Long Blades
  6327 | D:5      | Reached skill level 1 in Invocations
  6620 | D:6      | Reached * piety under the Shining One
  6775 | D:6      | Noticed Blork the orc
  6782 | D:6      | Killed Blork the orc
  6910 | D:6      | Reached skill level 8 in Long Blades
  7346 | D:6      | Noticed Dowan
  7351 | D:6      | Noticed Duvessa
  7351 | D:6      | Killed Dowan
  7359 | D:6      | Killed Duvessa
  7603 | D:7      | Found a shimmering altar of Xom.
  7605 | D:7      | Found a hazy altar of Hepliaklqana.
  7606 | D:7      | Noticed a spectral ugly thing
  7765 | D:7      | Found a shimmering altar of Xom.
  7784 | D:7      | Reached XP level 9. HP: 76/78 MP: 9/9
  7786 | D:7      | Noticed markt42's ghost (novice HOFi)
  7795 | D:7      | Killed markt42's ghost
  7795 | D:7      | Reached skill level 9 in Long Blades
  8043 | D:7      | Found a burning altar of Makhleb.
  8060 | D:7      | Reached ** piety under the Shining One
  8314 | D:7      | Found a runed door.
  8318 | D:7      | Noticed Crazy Yiuf
  8322 | D:7      | Killed Crazy Yiuf
  8753 | D:8      | Found Seipec's Armour Shoppe.
  8774 | D:8      | Bought a +0 plate armour for 345 gold pieces
  8847 | D:8      | Reached skill level 10 in Long Blades
  8924 | D:8      | Reached XP level 10. HP: 42/91 MP: 12/12
  9263 | D:8      | Reached skill level 11 in Long Blades
  9273 | D:8      | Found a staircase to the Lair.
  9666 | D:8      | Reached skill level 5 in Invocations
  9808 | D:8      | Found a deep blue altar of Sif Muna.
 10050 | D:9      | You fall through a shaft for 3 floors!
 10056 | D:12     | Reached skill level 10 in Fighting
 10080 | D:12     | You fall through a shaft for 3 floors!
 10080 | D:15     | Entered Level 15 of the Dungeon
 10080 | D:15     | Noticed an ogre mage
 10080 | D:15     | Noticed a flayed ghost
 10082 | D:15     | Noticed a centaur warrior
 10083 | D:15     | Noticed a cyclops
 10173 | D:14     | Noticed a wizard
 10174 | D:14     | Noticed an eight-headed hydra
 10174 | D:14     | Reached *** piety under the Shining One
 10175 | D:14     | Cast into level 2 of the Abyss (a wizard)
 10333 | Abyss:2  | Killed from afar by a raiju

Skill      XL: |  1  2  3  4  5  6  7  8  9 10 |
---------------+-------------------------------+-----
Fighting       | 4 5 6 9 10 | 10.1
Armour         | 4 5 6 7 8 9 |  9.3
Long Blades    | 3 4 5 6 8 10 11 | 11.7
Shields        | 4 5 6 |  6.2
Dodging        | 1 |  1.5
Invocations    | 2 4 5 |  5.1
Throwing       | |  0.6
Stealth        | |  0.6

Action                   |  1- 3 |  4- 6 |  7- 9 | 10-12 || total
-------------------------+-------+-------+-------+-------++-------
Melee: Long sword        |    84 |   116 |   295 |   115 ||   610
       Headbutt          |    17 |    21 |    65 |    21 ||   124
Throw: Throwing net      |       |     2 |     1 |       ||     3
       Tomahawk          |       |       |       |     4 ||     4
Invok: Divine Shield     |       |       |       |     1 ||     1
  Use: Scroll            |     7 |     3 |    11 |     3 ||    24
       Potion            |       |     1 |     5 |     4 ||    10
  Eat: Chunk             |     3 |     1 |     4 |     1 ||     9
       Meat ration       |       |     1 |     1 |       ||     2
       Bread ration      |       |       |     3 |     1 ||     4
       Pizza             |       |       |       |     1 ||     1
Armor: Scale mail        |    37 |    42 |    82 |       ||   161
       Plate armour      |       |       |    22 |    48 ||    70
Dodge: Dodged            |    28 |    23 |   103 |    24 ||   178
Block: Shield            |    36 |    62 |   172 |    38 ||   308
       Rpst.: Long sword |    10 |     3 |    23 |     7 ||    43
